Map: Submarine LE

Players

FeEbLeNFraiL - Winner!

  • Race: Protoss Protoss
  • League: Diamond
  • Spawn Location: 11:00

PocketRocket

  • Race: Terran Terran
  • League: Diamond
  • Spawn Location: 5:00

VOD

Have the link to the VOD?

Description

Time

  • Played on: Oct. 2, 2020, 11:09 a.m.
  • Length: 15:58
Show
View Real Time Build Order
Export as new Build Order

FeEbLeNFraiL Protoss - Winner!

Build Orders:  

Get SALT Encoding   

  12  0:00  Probe  
  13  0:12  Probe  
  14  0:17  Pylon  
  14  0:24  Probe  
  15  0:36  Probe  
  15  0:38  Gateway  
  16  0:44  Assimilator  
  16  0:48  Probe  
  17  0:56  Pylon  
  17  1:02  Probe  
  18  1:16  Gateway  
  18  1:18  Gateway  
  18  1:30  Cybernetics Core  
  18  1:31  Probe  
  19  1:37  Assimilator  
  19  1:43  Probe  
  20  1:55  Probe  
  21  2:06  Adept (Chrono Boost)  
  25  2:09  Stalker (Chrono Boost)  
  25  2:15  Stalker (Chrono Boost)  
  27  2:21  Pylon  
  27  2:22  Probe  
  28  2:25  Warp Gate (Chrono Boost)  
  28  2:50  Stalker  
  30  3:03  Stalker  
  30  3:04  Stalker  
  34  3:11  Pylon  
  32  3:47  Probe  
  33  3:53  Shield Battery  
  33  3:56  Robotics Facility  
  33  4:06  Stalker x2  
  33  4:07  Stalker  
  39  4:11  Nexus  
  39  4:44  Warp Prism  
  41  4:47  Adept x3  
  27  5:23  Adept x3  
  27  5:25  Probe  
  34  5:33  Immortal  
  36  5:41  Adept  
  36  5:42  Adept  
  40  5:44  Sentry  
  40  5:46  Probe  
  43  6:02  Stalker x2  
  46  6:38  Adept x3  
  48  7:07  Adept x2  
  48  7:08  Adept  
  54  7:09  Immortal  
  58  7:15  Probe (Chrono Boost)  
  58  7:16  Pylon  
  58  7:21  Probe (Chrono Boost)  
  58  7:26  Adept  
  58  7:35  Stalker x2  
  48  7:49  Adept  
  48  7:51  Immortal  
  44  8:00  Sentry x2  
  46  8:15  Adept  
  46  8:18  Probe x2  
  46  8:19  Shield Battery  
  48  8:23  Adept x2  
  52  8:36  Twilight Council  
  52  8:43  Observer  
  47  8:59  Adept x2  
  47  9:00  Adept  
  53  9:05  Probe  
  53  9:06  Probe  
  55  9:11  Gateway  
  55  9:12  Gateway  
  49  9:32  Adept  
  49  9:33  Adept x2  
  49  9:55  Stalker  
  49  9:56  Stalker x2  
  47  10:11  Adept  
  47  10:13  Sentry  
  43  10:27  Adept  
  41  10:28  Probe  
  42  10:37  Adept  
  40  10:54  Probe (Chrono Boost)  
  42  11:00  Probe (Chrono Boost)  
  42  11:08  Probe (Chrono Boost)  
  43  11:16  Probe  
  44  11:18  Probe  
  45  11:28  Probe  
  45  11:31  Probe  
  47  11:52  Stalker x2  
  47  11:53  Stalker x2  
  55  11:59  Probe x2  
  53  12:26  Stalker x4  
  61  12:42  Adept  
  59  12:47  Probe  
  59  12:48  Probe  
  57  12:58  Nexus  
  49  13:17  Charge (Chrono Boost)  
  39  13:36  Dark Shrine  
  39  13:37  Pylon  
  39  13:40  Zealot x5  
  49  13:44  Probe  
  50  13:56  Assimilator  
  50  13:59  Robotics Bay  
  50  14:00  Assimilator  
  50  14:01  Observer (Chrono Boost)  
  51  14:09  Zealot x2  
  55  14:10  Zealot  
  55  14:12  Probe  
  58  14:18  Observer  
  59  14:33  Probe x2  
  59  14:37  Probe  
  62  14:45  Probe x2  
  64  14:48  Dark Templar x2  
  64  14:50  Dark Templar  
  70  15:01  Zealot x2  
  70  15:03  Probe  
  75  15:24  Stalker x3  
  81  15:29  Dark Templar  
  79  15:42  Shield Battery  
  79  15:44  Shield Battery  
Show
View Real Time Build Order
Export as new Build Order

PocketRocket Terran 

Build Orders: Gas First Reaper Expand 

Get SALT Encoding   

  12  0:00  SCV  
  13  0:12  SCV  
  14  0:23  Supply Depot  
  14  0:24  SCV  
  15  0:30  Refinery  
  15  0:44  SCV  
  16  0:51  Barracks  
  16  0:58  SCV  
  17  1:10  SCV  
  18  1:23  SCV  
  19  1:38  Orbital Command, Reaper  
  20  1:53  Command Center  
  20  2:00  Factory  
  20  2:04  Refinery  
  20  2:05  SCV  
  21  2:18  SCV  
  21  2:19  Barracks Reactor  
  22  2:23  Supply Depot  
  22  2:30  SCV  
  22  2:45  Widow Mine  
  22  2:48  Bunker  
  24  2:56  Marine  
  24  2:57  Marine  
  24  3:01  Bunker, SCV  
  24  3:04  Barracks  
  25  3:06  Barracks  
  25  3:07  Starport  
  25  3:08  Supply Depot  
  25  3:09  Hellion  
  27  3:29  Marine x2  
  27  3:31  Supply Depot  
  28  3:47  Marine x2  
  28  3:52  Hellion  
  31  4:00  Barracks Tech Lab  
  30  4:03  Medivac  
  30  4:08  Marine  
  33  4:10  Marine  
  34  4:20  Supply Depot  
  36  4:24  Marauder  
  35  4:34  SCV  
  37  4:45  Marauder  
  37  4:55  Marine  
  37  4:56  Hellion  
  34  5:02  SCV  
  29  5:20  Marauder, Marine  
  28  5:32  SCV  
  29  5:38  Marine  
  30  5:44  Marauder, SCV  
  30  5:48  Factory Tech Lab  
  33  5:52  Medivac  
  33  5:56  SCV  
  36  6:15  SCV  
  36  6:18  Siege Tank  
  38  6:28  SCV  
  36  6:34  Marauder, Marine  
  38  6:40  Medivac, SCV  
  41  6:50  Siege Tank  
  41  6:52  SCV  
  41  7:04  SCV  
  42  7:14  Command Center  
  41  7:16  SCV  
  41  7:18  Stimpack  
  41  7:19  Barracks Reactor  
  41  7:22  Barracks Tech Lab  
  42  7:28  SCV  
  35  7:40  Marauder  
  35  7:44  Marauder  
  30  7:52  SCV  
  28  8:13  SCV  
  29  8:25  Siege Tank, SCV  
  33  8:28  Barracks  
  33  8:38  SCV  
  33  8:40  Starport Reactor  
  34  8:41  Concussive Shells  
  34  8:44  Marauder, Marine  
  30  8:55  SCV  
  30  9:04  SCV  
  30  9:07  SCV  
  32  9:26  Barracks Reactor  
  32  9:27  SCV  
  33  9:35  Marine  
  34  9:39  SCV  
  31  9:46  Marine  
  31  9:51  SCV  
  31  9:52  Marine  
  31  10:03  SCV  
  31  10:04  Marine  
  27  10:15  SCV  
  26  10:28  SCV  
  25  10:40  SCV  
  25  10:48  SCV  
  22  10:51  Marine  
  22  10:52  SCV, Marine x3  
  27  11:03  Medivac  
  28  11:04  SCV x2  
  29  11:13  Marine  
  30  11:31  Marine x3  
  33  11:43  Starport Reactor  
  33  11:45  Supply Depot  
  33  11:48  Siege Tank  
  33  11:51  Barracks Tech Lab, Combat Shield  
  36  11:55  Marine  
  36  11:56  Marine  
  36  11:58  Marauder  
  34  12:16  Marine x2  
  34  12:17  Marauder  
  36  12:28  SCV  
  35  12:40  SCV  
  36  12:44  Marine  
  36  12:47  Marine  
  36  12:48  Marauder  
  37  12:52  SCV  
  38  13:04  SCV  
  29  13:13  Marauder, Marine  
  29  13:15  SCV  
  29  13:16  SCV  
  30  13:25  Marauder, Marine  
  32  13:28  SCV  
  32  13:31  Marine  
  32  13:33  SCV  
  35  13:35  Marine  
  36  13:45  SCV x2  
  38  13:57  SCV  
  38  13:59  Orbital Command  
  38  14:00  Marine x2  
  38  14:02  Marauder  
  43  14:14  Supply Depot, SCV  
  44  14:21  Marauder  
  46  14:26  SCV  
  46  14:29  SCV  
  48  14:33  Marauder, Marine  
  48  14:34  Marine  
  52  14:45  Supply Depot  
  52  14:48  SCV, Refinery  
  53  14:53  Engineering Bay  
  53  15:05  Orbital Command, Marauder x2  
  55  15:19  Missile Turret  
Tags
 
Add a new tag
Caveats
  • Supply blocks, unpowered buildings, or Contaminate may cause inaccurate times.
  • Supply counts are checked every 10 seconds.